 Dungeon Crawl Stone Soup version 0.20.1-1-g8b1a95d (webtiles) character file.

1853 vineage the Cudgeler (level 8, -4/62 HPs)
             Began as a Demonspawn Gladiator on Sept 23, 2017.
             Killed from afar by a crimson imp (22 damage)
             ... with a wand of acid (?/15)
             ... on level 5 of the Dungeon.
             The game lasted 00:10:30 (5124 turns).

vineage the Cudgeler (Demonspawn Gladiator)         Turns: 5124, Time: 00:10:31

Health: -4/62      AC: 10    Str: 16    XL:     8   Next: 89%
Magic:  8/8        EV:  8    Int:  9    God:
Gold:   321        SH:  0    Dex: 16    Spells: 7/7 levels left

rFire    + . .     SeeInvis +   r - +1 whip (flame)
rCold    x . .     Gourm    .   (no shield)
rNeg     . . .     Faith    .   n - +0 plate armour
rPois    .         Spirit   .   (helmet restricted)
rElec    .         Reflect  .   v - +0 cloak
rCorr    .         Harm     .   (no gloves)
MR       .....                  t - +0 pair of boots
Stlth    ..........             (no amulet)
Regen    0.2/turn               i - ring of fire
MPRegen  0.2/turn               (no ring)

@: corroded
A: antennae 2, talons 1, see invisible, blink, demonic guardian 1, rot immunity,
sturdy frame 1
a: Blink


You were on level 5 of the Dungeon.
You were hungry.

You visited 2 branches of the dungeon, and saw 6 of its levels.

You collected 321 gold pieces.

Inventory:

Hand Weapons
 a - a +0 flail
 r - a +1 whip of flaming (weapon)
Missiles
 d - 3 throwing nets (quivered)
Armour
 b - a +0 leather armour
 c - a +0 helmet
 n - a +0 plate armour (worn)
 t - a +0 pair of boots (worn)
 v - a +0 cloak (worn)
Jewellery
 i - a ring of fire (left hand)
Wands
 k - a wand of digging (22/24)
Scrolls
 e - 4 scrolls of remove curse
 g - 4 scrolls of immolation
 h - a scroll of magic mapping
 l - 2 scrolls of enchant weapon
 o - 2 scrolls of teleportation
Potions
 p - a potion of flight
 q - a potion of might {unknown}
 z - 2 potions of cancellation
 A - 2 potions of agility
Comestibles
 f - 5 bread rations
 j - 2 meat rations


   Skills:
 + Level 5.1 Fighting
 + Level 7.5 Maces & Flails
 + Level 1.9 Throwing
 + Level 4.8 Armour
 + Level 4.4 Dodging
 + Level 1.7 Stealth


You had 7 spell levels left.
You didn't know any spells.

Dungeon Overview and Level Annotations

Branches:
Dungeon (5/15)             Temple (1/1) D:5

Altars:
Ashenzari
Dithmenos
Fedhas
Gozag
Kikubaaqudgha
Makhleb
Nemelex Xobeh
Qazlal
Ru
Sif Muna
Trog
Vehumet
Xom
Yredelemnul


Innate Abilities, Weirdness & Mutations

You have sharp toenails.
A weak demonic guardian rushes to your aid.
You are immune to rotting.
Your movements are slightly less encumbered by armour. (ER -2)
You have a pair of antennae on your head.
You have supernaturally acute eyesight. (SInv)
You can translocate small distances at will.


Message History

You are too injured to fight recklessly!
You are too injured to fight recklessly!
You are too injured to fight recklessly!
You are too injured to fight recklessly!
You are too injured to fight recklessly!
You are too injured to fight recklessly!
You are too injured to fight recklessly!
You are too injured to fight recklessly!
You are too injured to fight recklessly!
You are too injured to fight recklessly!
You are too injured to fight recklessly!
You are too injured to fight recklessly!
You are too injured to fight recklessly!
You are too injured to fight recklessly!
You are too injured to fight recklessly!
You are too injured to fight recklessly!
You hit the crimson imp but do no damage.
You hit the crimson imp but do no damage.
The crimson imp zaps a wand.
The bolt of acid hits you!
You die...

#.#......... .....##......#######
#.#........ #.<..##...........##
#........#####....##......#.##.##
..........................#.##.##
#.####...................)#.##.##
#......###...###..###.....#.##.##
########E#...#E#..........#.##.##
## #...###...###....#.....#.##.##
.###............@.(.#....(#.##.##
..........._....5........[..#....
....................###..(......#
.......###...###....# #.........#
.......#E#...#E#...####..)......#
....#..###...###...# #..........#
....#....#.........###......#####
.####....#.........(.)......#
.........#.........###......#


You could see a water elemental and a crimson imp.

Vanquished Creatures
  A slime creature (D:5)
  The ghost of Enish the Digger, an amateur OpEE of Ru (D:5)
  Duvessa (D:4)
  A slave (D:4)
  A phantom (D:3)
  An ogre (D:5)
  2 centaurs (D:5)
  3 big kobolds (D:5)
  Dowan (D:4)
  2 howler monkeys
  A bullfrog skeleton (D:4)
  2 orc priests (D:5)
  2 jellies (D:5)
  Crazy Yiuf (D:4)
  An iguana (D:4)
  A worker ant (D:4)
  Robin (D:3)
  A gnoll (D:5)
  7 adders
  5 oozes
  2 worms (D:2)
  3 dart slugs
  3 leopard geckos
  5 orcs
  6 giant cockroaches
  11 goblins
  9 hobgoblins
  4 jackals (D:5)
  2 quokkas
  4 ball pythons
  A ball python zombie (D:4)
  7 bats
  3 frilled lizards
  7 kobolds
  A quokka skeleton (D:5)
  2 rats
106 creatures vanquished.

Vanquished Creatures (collateral kills)
  Pikel (D:4)
  3 gnolls (D:5)
  An ooze (D:5)
  2 kobolds (D:5)
7 creatures vanquished.

Vanquished Creatures (others)
  8 toadstools (D:5)
8 creatures vanquished.

Grand Total: 121 creatures vanquished

Notes
Turn   | Place    | Note
-------+----------+-------------------------------------------
     0 | D:1      | vineage the Demonspawn Gladiator began the quest for the Orb.
     0 | D:1      | Reached XP level 1. HP: 16/16 MP: 1/1
   163 | D:1      | Reached skill level 3 in Maces & Flails
   163 | D:1      | Gained mutation: Your movements are slightly less encumbered by armour. (ER -2) [demonic ancestry]
   163 | D:1      | Reached XP level 2. HP: 16/22 MP: 2/2
   629 | D:2      | Reached XP level 3. HP: 19/27 MP: 3/3
  1333 | D:3      | Found a faded altar of an unknown god.
  1382 | D:3      | Reached XP level 4. HP: 34/34 MP: 4/4
  1384 | D:3      | Noticed Robin
  1394 | D:3      | Killed Robin
  1518 | D:3      | Reached skill level 1 in Armour
  1662 | D:3      | Found a deep blue altar of Sif Muna.
  1727 | D:3      | Noticed a phantom
  1782 | D:3      | Killed a phantom
  1782 | D:3      | Reached skill level 4 in Maces & Flails
  1782 | D:3      | Gained mutation: You are immune to rotting. [demonic ancestry]
  1782 | D:3      | Reached XP level 5. HP: 34/41 MP: 5/5
  1783 | D:3      | Gained mutation: Your body sometimes deteriorates upon taking damage. [potion of mutation]
  1783 | D:3      | Gained mutation: You have a pair of small antennae on your head. [potion of mutation]
  1783 | D:3      | Gained mutation: You are frail. (-10% HP) [potion of mutation]
  1783 | D:3      | Gained mutation: You have a pair of antennae on your head. [potion of mutation]
  1784 | D:3      | Lost mutation: You are frail. (-10% HP) [potion of mutation]
  1784 | D:3      | Lost mutation: Your body sometimes deteriorates upon taking damage. [potion of mutation]
  1784 | D:3      | Gained mutation: You can translocate small distances at will. [potion of mutation]
  1784 | D:3      | Gained mutation: You have supernaturally acute eyesight. (SInv) [potion of mutation]
  2177 | D:4      | Found an ancient bone altar of Kikubaaqudgha.
  2239 | D:4      | Noticed Duvessa
  2239 | D:4      | Noticed Dowan
  2291 | D:4      | Killed Duvessa
  2291 | D:4      | Reached XP level 6. HP: 42/47 MP: 6/6
  2303 | D:4      | Killed Dowan
  2303 | D:4      | Reached skill level 5 in Maces & Flails
  2585 | D:4      | Found a basalt altar of Yredelemnul.
  2633 | D:4      | Found a runed door.
  2639 | D:4      | Noticed Crazy Yiuf
  2644 | D:4      | Paralysed by Crazy Yiuf for 2 turns
  2651 | D:4      | Killed Crazy Yiuf
  2804 | D:4      | Noticed a slave
  2807 | D:4      | Noticed Pikel
  2815 | D:4      | Noticed a slave
  2816 | D:4      | Noticed a slave
  2818 | D:4      | Noticed a slave
  2956 | D:4      | Killed a slave
  2975 | D:4      | Gained mutation: A weak demonic guardian rushes to your aid. [demonic ancestry]
  2975 | D:4      | Reached XP level 7. HP: 43/53 MP: 7/7
  3016 | D:4      | Killed Pikel
  3016 | D:4      | Reached skill level 6 in Maces & Flails
  3273 | D:4      | Found a shadowy altar of Dithmenos.
  3361 | D:5      | Entered Level 5 of the Dungeon
  3399 | D:5      | Gained mutation: You have sharp toenails. [demonic ancestry]
  3399 | D:5      | Reached XP level 8. HP: 33/60 MP: 8/8
  3484 | D:5      | Noticed Enish's ghost (amateur OpEE)
  3491 | D:5      | Killed Enish's ghost
  3540 | D:5      | Found a sparkling altar of Nemelex Xobeh.
  3691 | D:5      | Reached skill level 1 in Stealth
  3800 | D:5      | Found a stormy altar of Qazlal.
  3800 | D:5      | Noticed an air elemental
  4030 | D:5      | Reached skill level 7 in Maces & Flails
  4333 | D:5      | Noticed a slime creature
  4368 | D:5      | Killed a slime creature
  4368 | D:5      | Reached skill level 5 in Fighting
  4675 | D:5      | Found a staircase to the Ecumenical Temple.
  4682 | Temple   | Entered the Ecumenical Temple
  5124 | D:5      | Killed from afar by a crimson imp

Skill      XL: |  1  2  3  4  5  6  7  8 |
---------------+-------------------------+-----
Maces & Flails | 3 4 5 6 7 |  7.5
Dodging        | 3 4 |  4.4
Armour         | 1 2 3 4 |  4.8
Fighting       | 3 4 5 |  5.1
Stealth        | 1 |  1.7
Throwing       | |  1.9

Action                   |  1- 3 |  4- 6 |  7- 9 || total
-------------------------+-------+-------+-------++-------
Melee: Flail             |   126 |   228 |    37 ||   391
       Whip              |       |       |   193 ||   193
       Kick              |       |       |    59 ||    59
  Use: Scroll            |       |    11 |     5 ||    16
       Potion            |       |    12 |     4 ||    16
 Stab: Distracted        |       |       |     2 ||     2
  Eat: Chunk             |     1 |     4 |     2 ||     7
       Fruit             |       |       |     3 ||     3
       Royal jelly       |       |       |     2 ||     2
Armor: Leather armour    |    20 |       |       ||    20
       Plate armour      |    44 |   111 |   100 ||   255
       Skin              |       |    65 |    16 ||    81
Dodge: Dodged            |    74 |    76 |    73 ||   223
